AoeStats
← Sam Gupta

Arena

510643601Analyzed
4v4 RM · 13h ago on Oct 1, 2026· 64m 5s· 8 players
Game mode
Random Map
Map size
Large (8 player)
Population
200
Speed
Normal
Resources
Standard
Victory
Conquest
Starting age
Dark Age
Ending age
Imperial Age
RankedLock teamsTeams togetherTeam positionsShared explorationLock speedFull tech treeHidden civsTurbo modeCheats
Victory
Defeat
🇨🇱 Cumans · Chile
841
+17
🇧🇷 Ethiopians · Brazil
826
+18
803
+19
🇦🇷 Persians · Argentina
759
+20
🇺🇸 Turks · United States
951
-23
🇩🇪 Hindustanis · Germany
857
-18
🇲🇽 Teutons · Mexico
829
-17
🇮🇳 Britons · India
800
-16
Dremora
7:41 Loom
10:33 Feudal Age
11:08 Double-Bit Axe
12:32 Gold Mining
12:25 Horse Collar
17:33 Fletching
21:46 Padded Archer Armor
28:50 Castle Age
30:10 Wheelbarrow
29:20 Town Watch
30:26 Bow Saw
30:18 Heavy Plow
30:00 Elite Skirmisher
33:51 Stone Mining
35:02 Gold Shaft Mining
36:06 Bodkin Arrow
36:22 Forging
36:19 Scale Barding Armor
43:20 Bloodlines
46:27 Hand Cart
50:26 Thumb Ring
49:41 Crossbowman
56:23 Leather Archer Armor
59:02 Imperial Age
57:45 Iron Casting
57:39 Steppe Husbandry
59:31 Chain Barding Armor
60:30 Crop Rotation
61:00 Conscription
61:18 Hoardings
61:15 Parthian Tactics
61:14 Caravan
62:51 Chemistry
62:12 Ballistics
61:56 Elite Steppe Lancer
theilor.taiariol
10:52 Feudal Age
12:01 Double-Bit Axe
12:00 Horse Collar
19:27 Castle Age
18:01 Gold Mining
18:01 Stone Mining
20:27 Bow Saw
21:06 Forging
20:56 Scale Mail Armor
20:50 Fletching
21:00 Padded Archer Armor
21:45 Elite Skirmisher
27:27 Heavy Plow
35:33 Chain Mail Armor
35:54 Iron Casting
36:01 Wheelbarrow
35:12 Loom
35:47 Leather Archer Armor
35:27 Bodkin Arrow
38:03 Royal Heirs
39:10 Man-at-Arms
39:23 Light Cavalry
40:04 Husbandry
40:14 Scale Barding Armor
41:01 Squires
44:09 Imperial Age
43:13 Chain Barding Armor
44:13 Cavalier
47:36 Hand Cart
47:07 Town Watch
47:54 Plate Mail Armor
48:24 Blast Furnace
47:25 Bracer
47:55 Ring Archer Armor
47:10 Heavy Camel Rider
48:18 Conscription
47:30 Sappers
50:36 Hussar
52:30 Elite Shotel Warrior
62:50 Town Patrol
HEAD__SHOT
0:43 Loom
11:40 Feudal Age
13:08 Wheelbarrow
12:21 Double-Bit Axe
12:29 Gold Mining
12:21 Horse Collar
21:28 Castle Age
22:30 Hand Cart
22:35 Bow Saw
22:34 Heavy Plow
22:29 Stone Mining
23:14 Gold Shaft Mining
24:06 Caravan
24:17 Fletching
24:28 Padded Archer Armor
26:13 Bodkin Arrow
27:15 Leather Archer Armor
27:27 Kamandaran
27:48 Fervor
28:43 Thumb Ring
28:28 Crossbowman
34:29 Imperial Age
35:44 Ring Archer Armor
36:52 Chemistry
36:12 Ballistics
37:47 Masonry
38:09 Block Printing
37:49 Herbal Medicine
41:08 Conscription
41:34 Scale Barding Armor
41:40 Forging
42:15 Murder Holes
42:51 Architecture
41:56 Elite War Elephant
43:11 Citadels
43:55 Husbandry
44:06 Bloodlines
46:05 Chain Barding Armor
47:21 Stone Shaft Mining
49:50 Hoardings
60:18 Plate Barding Armor
60:25 Iron Casting
63:49 Blast Furnace
󠀡󠀡󠀡󠀡󠀡󠀡󠀡󠀡
10:16 Feudal Age
11:27 Double-Bit Axe
12:04 Horse Collar
16:49 Castle Age
16:13 Gold Mining
16:14 Stone Mining
17:55 Bow Saw
18:26 Wheelbarrow
17:42 Loom
17:43 Town Watch
23:20 Stone Shaft Mining
22:57 Heavy Plow
23:54 Gold Shaft Mining
29:10 Imperial Age
28:00 Murder Holes
28:17 Fortified Wall
28:26 Bloodlines
28:17 Husbandry
31:40 Conscription
31:58 Hand Cart
32:34 Husbandry
36:14 Caravan
39:29 Elite Battle Elephant
39:31 Elite Ballista Elephant
40:12 Double Crossbow
41:34 Tusk Swords
44:10 Forging
44:00 Scale Mail Armor
44:06 Scale Barding Armor
43:51 Fletching
44:01 Padded Archer Armor
51:35 Iron Casting
51:15 Chain Mail Armor
51:20 Chain Barding Armor
50:55 Bodkin Arrow
51:15 Leather Archer Armor
57:55 Blast Furnace
57:30 Plate Barding Armor
57:17 Bracer
57:47 Ring Archer Armor
63:28 Hoardings
62:23 Sappers
MuffledViolento
0:26 Loom
13:57 Feudal Age
15:09 Feudal Age
23:39 Forging
23:30 Scale Mail Armor
28:12 Castle Age
26:41 Double-Bit Axe
28:16 Gold Mining
29:36 Pikeman
32:08 Bow Saw
32:59 Iron Casting
41:06 Chain Mail Armor
43:29 Imperial Age
41:38 Wheelbarrow
42:03 Stone Mining
42:40 Hand Cart
44:51 Ballistics
45:32 Chemistry
44:07 Heavy Scorpion
46:15 Two-Man Saw
45:53 Halberdier
46:41 Cavalier
47:34 Bloodlines
47:35 Scale Barding Armor
50:44 Onager
54:06 Paladin
55:52 Chemistry
54:40 Arrowslits
56:27 Chain Barding Armor
59:34 Plate Barding Armor
chefmeza
13:02 Feudal Age
14:36 Wheelbarrow
17:50 Castle Age
16:12 Double-Bit Axe
16:44 Gold Mining
16:46 Horse Collar
27:43 Imperial Age
39:44 Padded Archer Armor
46:04 Murder Holes
51:09 Hand Cart
51:06 Bow Saw
50:56 Heavy Plow
56:58 Treadmill Crane
57:27 Loom
59:46 Fletching
60:12 Leather Archer Armor
Sam Gupta
0:27 Loom
11:28 Feudal Age
16:17 Castle Age
15:10 Double-Bit Axe
15:17 Gold Mining
15:11 Horse Collar
16:26 Town Watch
26:38 Town Patrol
27:17 Pikeman
27:57 Squires
27:43 Arson
28:25 Fletching
29:53 Forging
30:08 Man-at-Arms
30:34 Gambesons
Jimmy Levy (GEO)
12:15 Feudal Age
16:12 Castle Age
14:15 Double-Bit Axe
14:56 Horse Collar
17:49 Loom
19:39 Bow Saw
19:49 Heavy Plow
24:38 Wheelbarrow
29:07 Imperial Age
28:54 Hand Cart
28:25 Town Watch
29:10 Fortified Wall
29:37 Gold Mining
30:37 Scale Barding Armor
30:33 Scale Mail Armor
30:44 Forging
32:32 Chemistry
31:53 Ballistics
31:55 Padded Archer Armor
32:01 Stone Mining
32:48 Gold Shaft Mining
33:46 Two-Man Saw
32:49 Elite Skirmisher
33:28 Fletching
33:54 Leather Archer Armor
33:57 Shatagni
34:17 Conscription
33:58 Grand Trunk Road
35:06 Hoardings
35:30 Bodkin Arrow
36:06 Ring Archer Armor
35:20 Light Cavalry
36:11 Bloodlines
37:10 Bracer
37:47 Town Patrol
38:53 Iron Casting
38:34 Chain Mail Armor
39:29 Chain Barding Armor
39:26 Hussar
40:07 Husbandry
41:11 Blast Furnace
40:51 Siege Engineers
42:45 Plate Barding Armor
42:22 Masonry
41:49 Heavy Camel Rider
42:20 Onager
43:59 Imperial Camel Rider
45:00 Pikeman
45:40 Squires
45:26 Arson
46:57 Siege Elephant
56:02 Caravan
56:32 Coinage
60:30 Banking
Connection lost

Rejoining the realm…

Still unreachable

The connection could not be restored.

Session expired

The server has moved on; the page needs a fresh start.